 Dungeon Sprint DCSS version 0.28.0-43-g3370ac3207 (webtiles) character file.

Game seed: 15230617496788529263

125 boopmooplesden the Cleaver (level 4, 0/72 HPs)
             Began as a Minotaur Berserker on Mar 9, 2022.
             Was a Follower of Trog.
             Slain by a neqoxec (12 damage)
             ... in the Dungeon (Sprint II: "The Violet Keep of Menkaure").
             The game lasted 00:00:07 (10 turns).

boopmooplesden the Cleaver (Minotaur Berserker)       Turns: 10, Time: 00:00:08

Health: 0/72       AC:  2    Str: 21    XL:     4   Next: 82%
Magic:  2/2        EV: 12    Int:  4    God:    Trog [*.....]
Gold:   0          SH:  0    Dex: 10    Spells: 3/3 levels left

rFire   . . .      SeeInvis .   a - +0 hand axe
rCold   . . .      Faith    .   (no shield)
rNeg    . . .      Spirit   .   b - +0 animal skin
rPois   .          Reflect  .   (helmet restricted)
rElec   .          Harm     .   (no cloak)
rCorr   .          Rampage  .   (no gloves)
Will    .....      Rage     1%  (no boots)
Stlth   .......... NoTele   +   (no amulet)
HPRegen 0.22/turn               (no ring)
MPRegen 0.08/turn               (no ring)

@: berserking, very quick
A: horns 2, retaliatory headbutt, berserk 1, low MP 1, screaming 1, weak 1
a: Renounce Religion, Berserk


You were in the Dungeon.
You worshipped Trog.
Trog was aware of your devotion.
You visited 1 branch

Inventory:

Hand Weapons
 a - a +0 hand axe (weapon)
Armour
 b - a +0 animal skin (worn)
Scrolls
 h - a scroll of blinking
Potions
 c - a potion of curing
 d - a potion of heal wounds
 e - a potion of haste
 f - 2 potions of magic
 g - a potion of berserk rage


   Skills:
 + Level 8.0 Fighting
 + Level 8.2 Axes
 + Level 4.4 Armour
 + Level 3.9 Dodging


You had 3 spell levels left.
You didn't know any spells.
Your spell library was empty.

Dungeon Overview and Level Annotations

Branches:
Dungeon (1/1)

Altars:


Innate Abilities, Weirdness & Mutations

You have a pair of horns on your head.
You reflexively headbutt those who attack you in melee.
You tend to lose your temper in combat.
Your magical capacity is low. (-10% MP)
You occasionally shout uncontrollably at your foes.
You are weak. (Str -2)


Message History

You kill the neqoxec!
Trog accepts your kill. The neqoxec gestures at you.
Strange energies course through your body.
You feel the urge to shout.
You feel your intelligence returning.
Your Fighting skill gained 5 levels and is now at level 8!
Your Axes skill gained 5 levels and is now at level 8!
Your Armour skill gained 2 levels and is now at level 4!
Your Dodging skill increases to level 3!
You have reached level 2!
You have reached level 3!
Your experience leads to an increase in your attributes!
Increase (S)trength, (I)ntelligence, or (D)exterity?
You feel stronger. x2
You have reached level 4!
You feel agile. The neqoxec hits you! The neqoxec gestures at you.
Strange energies course through your body.
You feel weaker.
There is an open door here.
You slash the neqoxec! Your headbutt misses the neqoxec.
The neqoxec is moderately wounded.
You barely miss the neqoxec. You hit the neqoxec. The neqoxec hits you!
The neqoxec hits you.
* * * LOW HITPOINT WARNING * * *
The neqoxec hits you.
* * * LOW HITPOINT WARNING * * *
You barely miss the neqoxec. You headbutt the neqoxec!
The neqoxec is severely wounded.
You hit the neqoxec but do no damage. You slash the neqoxec!
You barely miss the neqoxec.
The neqoxec is severely wounded.
You barely miss the neqoxec. You closely miss the neqoxec.
The neqoxec gestures at you.
Strange energies course through your body.
You feel a little pissed off. The neqoxec hits you!
You die...

### ##
#..##.#
#333#
#@#
##.##
+.<.+
##.##
#+#


You could see 3 neqoxecs.

Vanquished Creatures
  A neqoxec (D)
1 creature vanquished.

Notes
Turn   | Place    | Note
-------+----------+-------------------------------------------
     0 | D        | boopmooplesden the Minotaur Berserker began the quest for
                  | the Orb.
     0 | D        | Reached XP level 1. HP: 19/19 MP: 0/0
     1 | D        | Noticed a neqoxec
     1 | D        | Noticed a neqoxec
     1 | D        | Noticed a neqoxec
     1 | D        | Noticed a neqoxec
     1 | D        | Gained mutation: Your magical capacity is low. (-10% MP) [a
                  | neqoxec]
     6 | D        | Killed a neqoxec
     6 | D        | Gained mutation: You occasionally shout uncontrollably at
                  | your foes. [a neqoxec]
     7 | D        | Reached XP level 2. HP: 30/35 MP: 0/0
     7 | D        | Reached XP level 3. HP: 35/40 MP: 1/1
     7 | D        | Reached XP level 4. HP: 42/48 MP: 2/2
     7 | D        | Gained mutation: You are weak. (Str -2) [a neqoxec]
    10 | D        | Gained mutation: You tend to lose your temper in combat. [a
                  | neqoxec]
    10 | D        | Slain by a neqoxec

Illustrated notes

Levels and vault maps discovered:
D:        the_violet_keep_of_menkaure [sprint2_stairs_cluster_1,
          sprint2_shoproom, sprint2_temple, sprint2_basic_supplies,
          sprint2_obstacle_3, sprint2_obstacle_5, sprint2_obstacle_7,
          sprint2_obstacle_4, sprint2_obstacle_6, sprint2_timed_cluster_1,
          sprint2_smallroom_cluster_1, sprint2_smallroom_final_cluster_1,
          sprint2_transparent_cluster_1, sprint2_second_timed_cluster_1,
          sprint2_sniper_area_1, sprint2_heavy_combat_area_1,
          sprint2_mutation_trap_area_1, sprint2_forest_area_1,
          sprint2_light_combat_area_1, sprint2_behind_water_1,
          sprint2_near_end_vault_1]

Skill      XL: |  1 |
---------------+----+-----
Fighting       | 8 |  8.0
Axes           | 8 |  8.2
Armour         | 4 |  4.4
Dodging        | 3 |  3.9

Action                   |  1- 3 |  4- 6 || total
-------------------------+-------+-------++-------
Melee: Hand axe          |     4 |     3 ||     7
       Headbutt          |     1 |     1 ||     2
Invok: Berserk           |     1 |       ||     1
